[Event "Live Chess"]
[Site "Chess.com"]
[Date "2023.05.20"]
[Round "-"]
[White "Rusty_Bridges"]
[Black "chrisbradgate"]
[Result "0-1"]
[WhiteElo "1323"]
[BlackElo "845"]
[TimeControl "300"]
[EndTime "9:44:26 PDT"]
[Termination "chrisbradgate won by resignation"]

1. e4 e5 2. f4 exf4 3. Nf3 Nc6 4.
Bc4 h6 5. d4 d6 6. Bxf4 Bg4 7. O-O Bxf3 8. Rxf3 Qd7 9. Be3 O-O-O 10. Rxf7 Qe8 11. Qf3 Nf6 12. e5 dxe5 13. dxe5 Nxe5 14.
Qf5+ Rd7 15. Rxd7 Qxd7 16. Qxe5 Ng4 17. Bd4 Nxe5 18. Bxe5 Qd1+ 19. Bf1 Bc5+ 0-1

[Event "Live Chess"]
[Site "Chess.com"]
[Date "2023.05.20"]
[Round "-"]
[White "john_chandler"]
[Black "AwesomeFredster"]
[Result "0-1"]
[WhiteElo "960"]
[BlackElo "1574"]
[TimeControl "300"]
[EndTime "9:44:28 PDT"]
[Termination "AwesomeFredster won on time"]

1. c4 c5 2. Nc3 Nc6 3. e4 e6 4.
g3 Nge7 5. Bg2 g6 6. d3 Bg7 7.
Nge2 O-O 8. O-O f5 9. Bg5 Bf6 10. h4 Bxg5 11. hxg5 fxe4 12. Nxe4 Nd4 13. f4 Nec6 14.
N2c3 e5 15. Nd5 Ne7 16. Nd6 Nxd5 17. Bxd5+ Kg7 18. Qg4 exf4 19. gxf4 Nc2 20. Rab1 Ne3 21. Qh4 Nxf1 22. Qh6+ Kh8 23. Rxf1 Qe7 24. Nf7+ Rxf7 25. Bxf7 Qxf7 26. Rf2 b6 27. Kg2 Bb7+ 28. Kg3 d5 29. b3 dxc4 30. bxc4 Rd8 31. Rf3 Qg7 32. Qxg7+ Kxg7 33. Re3 Kf7 0-1

[Event "Live Chess"]
[Site "Chess.com"]
[Date "2023.05.20"]
[Round "-"]
[White "Tilbs_12"]
[Black "IanCalvert2"]
[Result "0-1"]
[WhiteElo "1591"]
[BlackElo "1641"]
[TimeControl "300"]
[EndTime "9:44:32 PDT"]
[Termination "IanCalvert2 won by resignation"]

1. e4 d5 2. exd5 Qxd5 3. Nc3 Qd6 4. Bc4 Nf6 5. h3 a6 6. Nf3 b5 7. Bb3 Bb7 8. O-O c5 9. a4 b4 10. Na2 e6 11. d3 Nc6 12. Be3 Be7 13. Nc1 Nd4 14.
Nxd4 cxd4 15. Bd2 a5 16. Ne2 Qb6 17. Bf4 O-O 18. Be5 Rfd8 19. Qd2 h6 20. Qf4 Nd5 21.
Qg4 Bf6 22. Bf4 Kh7 23. Bxd5 Bxd5 24. Rfe1 e5 25. Bd2 Qe6 26. Qg3 Qf5 27. f4 e4 28.
dxe4 Bxe4 29. c3 dxc3 30. bxc3 Rxd2 31. cxb4 Bxa1 32. Rxa1 Rxe2 33. b5 Bb7 34. Rc1 Rxg2+ 0-1

[Event "Live Chess"]
[Site "Chess.com"]
[Date "2023.05.20"]
[Round "-"]
[White "bedsdrout"]
[Black "daveeeeR"]
[Result "0-1"]
[WhiteElo "471"]
[BlackElo "1255"]
[TimeControl "300"]
[EndTime "9:44:33 PDT"]
[Termination "daveeeeR won on time"]

1. e4 g6 2. Bc4 Bg7 3. Qf3 e6 4.
Bb3 Nc6 5. Nc3 Nd4 6. Qf4 Nxb3 7. cxb3 Ne7 8. Nf3 O-O 9. Qh4 Qe8 10. Ng5 h6 11. Nf3 Kh7 12. d3 h5 13. Qf4 Ng8 14. Ne5 Bh6 15. Qf3 Bxc1 16. O-O Bh6 17. Qg3 d6 18. Nf3 Qe7 19. e5 d5 20. Nxd5 exd5 21.
Nh4 Be6 22. Rac1 c6 23. Nxg6 fxg6 24. Rce1 Rae8 25. Re3 Bxe3 26. fxe3 Rxf1+ 27. Kxf1 Qf7+ 28. Ke2 Bg4+ 29. Kd2 Nh6 30. e6 Qxe6 31. Qc7+ Re7 32. Qc8 Qxe3+ 33. Kc3 d4+ 34. Kc4 b5+ 35. Kc5 Qe5+ 36.
Kb4 Qd6+ 37. Ka5 Qc7+ 38. Qxc7 Rxc7 39. Ka6 Bc8+ 40. Ka5 Nf5 41. Kb4 a6 42. h4 Nxh4 43. g4 hxg4 0-1

[Event "Live Chess"]
[Site "Chess.com"]
[Date "2023.05.20"]
[Round "-"]
[White "akp42"]
[Black "Fazer180"]
[Result "1-0"]
[WhiteElo "1956"]
[BlackElo "1717"]
[TimeControl "300"]
[EndTime "9:44:40 PDT"]
[Termination "akp42 won by resignation"]

1. e4 e6 2. d4 d5 3. e5 c5 4. c3 Nc6 5. Be3 Qb6 6. Qd2 Bd7 7. Nf3 cxd4 8. cxd4 Nge7 9. Nc3 Nf5 10.
Be2 Bb4 11. O-O O-O 12. Rac1 Rac8 13. a3 Nxe3 14. fxe3 Be7 15. Kh1 Na5 16. Qc2 Nc4 17. e4 Ne3 18. Qd3 Nxf1 19. Rxf1 dxe4 20. Nxe4 Qxb2 21. Nfg5 h6 22. Nf6+ Bxf6 1-0

[Event "Live Chess"]
[Site "Chess.com"]
[Date "2023.05.20"]
[Round "-"]
[White "SaraTang"]
[Black "ranvir123"]
[Result "0-1"]
[WhiteElo "164"]
[BlackElo "855"]
[TimeControl "300"]
[EndTime "9:44:46 PDT"]
[Termination "ranvir123 won by checkmate"]

1. e3 e5 2. Bc4 d5 3. Bxd5 Qxd5 4. Nf3 Bg4 5. Nxe5 Bxd1 6. Kxd1 Qxe5 7. Re1 Qxh2 8. Re2 Nc6 9. e4 Nd4 10. Re3 Qg1+ 11.
Re1 Qxf2 12. Rf1 Qxf1# 0-1

[Event "Live Chess"]
[Site "Chess.com"]
[Date "2023.05.20"]
[Round "-"]
[White "Nazarenko_vital"]
[Black "Kr1xot4_XGOD"]
[Result "1/2-1/2"]
[WhiteElo "1591"]
[BlackElo "2180"]
[TimeControl "300"]
[EndTime "9:44:50 PDT"]
[Termination "Game drawn by agreement"]

1. e4 c5 2. c3 d5 3. e5 Nc6 4. d4 e6 5. Bb5 Ne7 6. Nf3 Qa5 7. Bxc6+ Nxc6 8. O-O Be7 9. Nbd2 cxd4 10. Nb3 Qa4 11. cxd4 b5 12. Be3 h6 13. Qc1 b4 14. Nc5 Bxc5 15. Qxc5 Ba6 16. Rfc1 Rc8 17. b3 Qb5 18. Qd6 Qb6 19. Rc5 Ne7 20. Rac1 Rd8 21. Qxb6 axb6 22. Rc7 Rd7 23. h3 Kd8 24. Rxd7+ Kxd7 25. Bd2 g5 26.
Bxb4 Nf5 27. g4 Nh4 28. Nxh4 gxh4 29. Bd6 Rc8 30. Rxc8 Bxc8 31. f4 f5 32. g5 hxg5 33. fxg5 Ba6 34. Kf2 Bd3 35. Kf3 1/2-1/2

[Event "Live Chess"]
[Site "Chess.com"]
[Date "2023.05.20"]
[Round "-"]
[White "toog"]
[Black "YrrriKharkiv"]
[Result "1-0"]
[WhiteElo "2636"]
[BlackElo "2153"]
[TimeControl "300"]
[EndTime "9:44:54 PDT"]
[Termination "toog won by resignation"]

1. e4 e6 2. d4 d5 3. Nd2 Nf6 4.
e5 Nfd7 5. Ngf3 c5 6. c3 Nc6 7.
Bd3 f6 8. exf6 Qxf6 9. O-O Bd6 10. Re1 O-O 11. Nf1 h6 12. Ne3 h5 13. Bc2 cxd4 14. cxd4 g6 15. a3 Nb6 16. b3 Bd7 17. Bb2 Rae8 18. Qd3 Kg7 19. Ne5 Qxf2+ 20. Kh1 Nxe5 21. dxe5 Rf5 22. exd6+ Kh7 23. Nxf5 Qxf5 24. Qd4 e5 25. Bxf5 exd4 26. Bxd7 Rxe1+ 27. Rxe1 1-0

[Event "Live Chess"]
[Site "Chess.com"]
[Date "2023.05.20"]
[Round "-"]
[White "Nico14021974"]
[Black "Daniel_Gliddon_FA"]
[Result "0-1"]
[WhiteElo "608"]
[BlackElo "905"]
[TimeControl "300"]
[EndTime "9:44:57 PDT"]
[Termination "Daniel_Gliddon_FA won by checkmate"]

1. d4 Nf6 2. Nf3 d6 3. Nc3 g6 4. g3 Bg7 5. Be3 Nbd7 6. Rc1 e5 7. dxe5 Nxe5 8. Nxe5 dxe5 9. f4 Qxd1+ 10. Kxd1 exf4 11. Bxf4 Ne4 12. Nxe4 Bf5 13. g4 O-O-O+ 14. Ke1 Bxe4 15. Rd1 Bxh1 16. Rd7 Rxd7 17. Kf2 Bd4+ 18. e3 Bxb2 19. Kg1 Bc6 20. Bd3 h5 21. gxh5 Rxh5 22. e4 g5 23. Bg3 Rh3 24. Be1 Bd4+ 25. Kg2 Rh7 26. Bf2 f5 27. Bxd4 Rxd4 28. Be2 fxe4 29. a3 Rd2 30. Kf2 Rxc2 31. a4 Bxa4 32. Kf1 e3 33. Kg2 Rf7 34.
Kg3 Rxe2 35. Kh3 g4+ 36. Kxg4 Rg2+ 37. Kh3 Bc6 38. Kh4 Rh7# 0-1

[Event "Live Chess"]
[Site "Chess.com"]
[Date "2023.05.20"]
[Round "-"]
[White "Driftboard"]
[Black "PiotrD11"]
[Result "0-1"]
[WhiteElo "746"]
[BlackElo "1335"]
[TimeControl "300"]
[EndTime "9:44:57 PDT"]
[Termination "PiotrD11 won by checkmate"]

1. e4 d5 2. exd5 Nf6 3. Nc3 Nxd5 4. Nxd5 Qxd5 5. Nf3 e5 6. Be2 Nc6 7. O-O Bd6 8. h3 O-O 9. d3 Bf5 10. Nh4 Be6 11. Bg4 Bxg4 12. Qxg4 Be7 13. Nf5 Bf6 14. Bg5 Bxg5 15. Qxg5 g6 16. Ne7+ Nxe7 17. Qxe7 Rae8 18. Qxc7 Rc8 19. Qe7 Rxc2 20. b3 Rfc8 21. Rfd1 R2c7 22. Qg5 Qd4 23. Rac1 Rxc1 24. Rxc1 Rxc1+ 25. Qxc1 Qxd3 26. Qb2 e4 27. Kh2 Qd6+ 28. g3 b6 29. h4 Qc5 30. Kg2 h5 31. Qe2 Qd5 32. Qe3 Qd3 33. Qf4 Kh7 34. Qc7 Qf3+ 35. Kf1 e3 36. Qc4 Qxf2# 0-1

[Event "Live Chess"]
[Site "Chess.com"]
[Date "2023.05.20"]
[Round "-"]
[White "PureMellowPlan"]
[Black "ethanredball"]
[Result "1-0"]
[WhiteElo "613"]
[BlackElo "575"]
[TimeControl "300"]
[EndTime "9:45:04 PDT"]
[Termination "PureMellowPlan won by checkmate"]

1. e4 e5 2. Nf3 Nc6 3. Nc3 Nf6 4. Bb5 Bb4 5. Bxc6 Bxc3 6. Bxd7+ Bxd7 7. dxc3 Nxe4 8. O-O Nf6 9. Re1 e4 10. Ne5 O-O 11. Nxd7 Qxd7 12. Qxd7 Nxd7 13. Rxe4 Rae8 14. Rxe8 Rxe8 15. Be3 Ne5 16. Rd1 Ng4 17. Rd3 h6 18.
h3 Nxe3 19. Rxe3 Rxe3 20. fxe3 Kh7 21. Kf2 Kg6 22. Kf3 Kg5 23. Kg3 f5 24. h4+ Kh5 25.
c4 g5 26. hxg5 Kxg5 27. Kh3 h5 28. g3 a6 29. b4 b5 30. cxb5 axb5 31. Kg2 Kg4 32. c3 h4 33. gxh4 Kxh4 34. Kf3 Kg5 35. e4 fxe4+ 36. Kxe4 Kf6 37. Kd5 Kf5 38. Kc5 Ke4 39.
Kxb5 Kd3 40. a4 Kxc3 41. a5 Kd4 42. a6 Kd5 43. a7 Kd6 44. a8=Q c5 45. Qc6+ Ke5 46.
Qxc5+ Kf4 47. Kc4 Kg3 48. b5 Kf3 49. b6 Ke2 50. b7 Kf3 51. b8=Q Ke2 52. Qbe5+ Kf3 53.
Qce3+ Kg2 54. Q5e4+ Kh2 55. Qg2+ Kxg2 56. Kd3 Kh2 57. Ke2 Kh1 58. Qg5 Kh2 59. Kf3 Kh3 60. Qh5# 1-0

[Event "Live Chess"]
[Site "Chess.com"]
[Date "2023.05.20"]
[Round "-"]
[White "JormaIbo"]
[Black "ConorMaclaud"]
[Result "0-1"]
[WhiteElo "421"]
[BlackElo "2118"]
[TimeControl "300"]
[EndTime "9:45:05 PDT"]
[Termination "ConorMaclaud won on time"]

1. e4 c6 2. d4 d5 3. e5 Bf5 4. Nf3 e6 5. Bd3 Bxd3 6. Qxd3 Ne7 7. O-O Nf5 8. Nbd2 Be7 9. c4 O-O 10. c5 b6 11. b4 a5 12. bxa5 bxc5 13. Re1 c4 14. Qc2 Qxa5 15. a4 Bb4 16. h3 c5 17.
dxc5 Bxc5 18. Nb1 Nd4 19. Nxd4 Qxe1+ 20. Kh2 Bxd4 21. Ra3 Bxe5+ 22. g3 Nc6 23. Bd2 Qf1 24. Qc1 Qxc1 25. Bxc1 Nd4 26. Bb2 Nf3+ 27. Kg2 Bxb2 28. Rxf3 Bf6 29. Nd2 Rxa4 30. Rxf6 gxf6 31. Nf3 c3 32.
Ne1 Re4 0-1

[Event "Live Chess"]
[Site "Chess.com"]
[Date "2023.05.20"]
[Round "-"]
[White "JuperLuper"]
[Black "JackCheetham1"]
[Result "1/2-1/2"]
[WhiteElo "1195"]
[BlackElo "1700"]
[TimeControl "300"]
[EndTime "9:45:11 PDT"]
[Termination "Game drawn by repetition"]

1. e4 d6 2. d4 Nf6 3. Nc3 g6 4.
f4 Bg7 5. Nf3 Bg4 6. Bd3 Nc6 7.
Be2 O-O 8. d5 Nb8 9. O-O Nbd7 10. Bb5 a6 11. Bd3 c6 12. h3 Bxf3 13. Qxf3 Nc5 14. Be3 Nxd3 15. cxd3 e6 16. dxe6 fxe6 17. e5 dxe5 18. fxe5 Nd5 19. Qe4 Nxe3 20. Qxe3 Qc7 21.
Rae1 Rxf1+ 22. Rxf1 Qxe5 23. Qf3 Qf5 24. Qe3 Qe5 25.
Qb6 Qd4+ 26. Qxd4 Bxd4+ 27. Kh2 Bxc3 28. bxc3 Rf8 29. Rxf8+ Kxf8 30. Kg3 Kf7 31. Kf4 Kf6 32. g4 e5+ 33. Ke4 Ke6 34. d4 exd4 35. Kxd4 Kd6 36. c4 b6 37. a4 h6 38. h4 a5 39.
g5 h5 40. Ke4 Ke6 41. Kf4 Kd6 42. Ke4 Ke6 43. Kd4 Kd6 44. Ke4 1/2-1/2

[Event "Live Chess"]
[Site "Chess.com"]
[Date "2023.05.20"]
[Round "-"]
[White "AwesomeFredster"]
[Black "Rusty_Bridges"]
[Result "0-1"]
[WhiteElo "1510"]
[BlackElo "1384"]
[TimeControl "300"]
[EndTime "9:45:14 PDT"]
[Termination "Rusty_Bridges won by resignation"]

1. e4 d6 2. d4 Nf6 3. e5 dxe5 4. dxe5 Qxd1+ 5. Kxd1 Ne4 6. f3 Nf2+ 7. Ke1 Nxh1 8. Ke2 Bf5 9. c3 e6 10. Nd2 Bc5 11. Ne4 Bxe4 12. fxe4 Nf2 0-1

[Event "Live Chess"]
[Site "Chess.com"]
[Date "2023.05.20"]
[Round "-"]
[White "seasidecastle27"]
[Black "HD_IN4k"]
[Result "1-0"]
[WhiteElo "1825"]
[BlackElo "297"]
[TimeControl "300"]
[EndTime "9:45:15 PDT"]
[Termination "seasidecastle27 won by resignation"]

1. d4 e5 2. dxe5 Bb4+ 3. c3 Bc5 4. Nf3 f5 5. Bg5 Nf6 6. exf6 gxf6 7. Be3 Bxe3 8. fxe3 f4 9. exf4 f5 10. Nbd2 d6 11. e4 Nc6 12. Bb5 a6 13. Bxc6+ bxc6 14. Qa4 Bb7 15. exf5 Qe7+ 16. Kd1 O-O-O 17. Re1 Qd7 18.
Nd4 Rhe8 19. Ne6 Rxe6 20. fxe6 Qe7 21. Kc2 Qe8 22. f5 c5 23. Qxe8 Rxe8 24. f6 Bd5 25. f7 Rf8 26. e7 Rxf7 27. e8=Q+ Kb7 1-0

[Event "Live Chess"]
[Site "Chess.com"]
[Date "2023.05.20"]
[Round "-"]
[White "risinghelios"]
[Black "Goblinbasher"]
[Result "1-0"]
[WhiteElo "1960"]
[BlackElo "1201"]
[TimeControl "300"]
[EndTime "9:45:21 PDT"]
[Termination "risinghelios won by resignation"]

1. e4 c5 2. Bc4 e6 3. Nf3 Nc6 4. d4 cxd4 5. Nxd4 Nge7 6. O-O Nxd4 7. Qxd4 Nc6 8. Qd1 a6 9. Nc3 b5 10. Bb3 Bb7 11. Bf4 Be7 12. Qg4 O-O 13. Rad1 d6 14. e5 d5 15. Ne4 Na5 16. Nd6 Bxd6 17. exd6 Nc4 18. Bxc4 bxc4 19. Be5 f6 20. Qxe6+ Kh8 21. Bg3 Bc8 22. Qxd5 Bd7 23. Rfe1 Rb8 24. Re7 Rxb2 25. h3 Rxc2 26. Rf7 Rxa2 27. Rxf8+ Qxf8 28. Qxc4 Rb2 29. Qxa6 h6 30. Qd3 Qf7 31. Re1 Rb8 32.
Re7 Qf8 33. Rxd7 1-0

[Event "Live Chess"]
[Site "Chess.com"]
[Date "2023.05.20"]
[Round "-"]
[White "GEMdzq"]
[Black "lamteama1"]
[Result "0-1"]
[WhiteElo "2292"]
[BlackElo "1051"]
[TimeControl "300"]
[EndTime "9:45:23 PDT"]
[Termination "lamteama1 won by resignation"]

1. e4 Nf6 2. e5 Nd5 3. d4 d6 4. Nf3 Bg4 5. Bc4 dxe5 6. dxe5 e6 7. O-O Nc6 8. Bb5 Qd7 9. c4 Ndb4 10. Bd2 O-O-O 11.
Qa4 Bxf3 12. Bxb4 Qd4 13. Bxc6 Bxc6 14. Qb3 Bxb4 15. Qxb4 Qg4 16. f3 Bxf3 17. Rxf3 Rd1+ 18.
Kf2 Rhd8 19. Nc3 Qh4+ 20. Rg3 Qf4+ 21. Rf3 Qh4+ 22. Rg3 Qd4+ 23. Re3 Qd2+ 24. Kf3 Rxa1 25. Qc5 b6 26. Qc6 Rf1+ 0-1

[Event "Live Chess"]
[Site "Chess.com"]
[Date "2023.05.20"]
[Round "-"]
[White "domrobson"]
[Black "MartinWalker4"]
[Result "1-0"]
[WhiteElo "1725"]
[BlackElo "2008"]
[TimeControl "300"]
[EndTime "9:45:35 PDT"]
[Termination "domrobson won by resignation"]

1. d4 Nf6 2. c4 g6 3. Nc3 d5 4.
cxd5 Nxd5 5. e4 Nxc3 6. bxc3 Bg7 7. Nf3 c5 8. Be2 O-O 9. O-O Nc6 10. Be3 cxd4 11.
cxd4 Bg4 12. d5 Bxf3 13. Bxf3 Ne5 14. Be2 f5 15. f4 Ng4 16. Bxg4 Bxa1 17. Qxa1 fxg4 18.
f5 Qd7 19. Bh6 Rf6 20. e5 Rf7 21. e6 Qxd5 22. exf7+ Qxf7 23. fxg6 Qxg6 24. Qc1 e5 25. Qc4+ Kh8 26. Be3 Re8 27. Bxa7 e4 28. Bd4+ 1-0

[Event "Live Chess"]
[Site "Chess.com"]
[Date "2023.05.20"]
[Round "-"]
[White "therealab0ne"]
[Black "Singapourfeuj"]
[Result "0-1"]
[WhiteElo "677"]
[BlackElo "2290"]
[TimeControl "300"]
[EndTime "9:45:35 PDT"]
[Termination "Singapourfeuj won by resignation"]

1. e4 e6 2. d4 d5 3. e5 c5 4. Nf3 Nc6 5. c4 cxd4 6. Nxd4 dxc4 7. Bxc4 Qxd4 8. Qxd4 Nxd4 9. O-O Nc2 10. Bg5 Nxa1 11. Rd1 Bd7 12. Nc3 Be7 13. Bxe7 Nxe7 14. Nb5 Bxb5 15. Bxb5+ Nc6 16. Rd7 Kxd7 17. h3 Nc2 0-1

[Event "Live Chess"]
[Site "Chess.com"]
[Date "2023.05.20"]
[Round "-"]
[White "FlyingChessKestrel13"]
[Black "Prijmak"]
[Result "1-0"]
[WhiteElo "2138"]
[BlackElo "985"]
[TimeControl "300"]
[EndTime "9:45:38 PDT"]
[Termination "FlyingChessKestrel13 won by checkmate"]

1. e4 e5 2. Nf3 Nc6 3. Bb5 d6 4. d4 a6 5. Bxc6+ bxc6 6. dxe5 Bg4 7. exd6 cxd6 8. O-O Nf6 9. Nc3 Be7 10. Bf4 O-O 11.
h3 Be6 12. Qd2 Rb8 13. b3 c5 14. Rad1 Ne8 15. Nd5 Bxd5 16. exd5 Bf6 17. c4 Ra8 18. Rfe1 Nc7 19. Bg5 Bxg5 20. Nxg5 h6 21. Ne4 a5 22. Qf4 Ne8 23. Ng3 a4 24. Nf5 axb3 25. axb3 Ra3 26.
Re3 Kh7 27. Rde1 Nf6 28. Qxd6 Qxd6 29. Nxd6 Ra6 30. Ne4 Nd7 31. Nc3 Rfa8 32. Re7 R6a7 33. Rxf7 Nf6 34. Rxa7 Rxa7 35. Ne4 Ra5 36. Nxf6+ gxf6 37. Rb1 Kg7 38. b4 cxb4 39. Rxb4 Ra1+ 40. Kh2 Ra2 41.
Kg3 Rd2 42. Rb7+ Kg8 43. Kf3 Rd4 44. Rc7 Kf8 45. Ke3 Rd1 46. Kf4 Rd4+ 47. Kf5 Rd2 48. f3 Rxg2 49. Kxf6 Rf2 50. Rc8# 1-0

[Event "Live Chess"]
[Site "Chess.com"]
[Date "2023.05.20"]
[Round "-"]
[White "apl_trainer"]
[Black "guptarayan"]
[Result "1-0"]
[WhiteElo "1567"]
[BlackElo "587"]
[TimeControl "300"]
[EndTime "9:45:56 PDT"]
[Termination "apl_trainer won by checkmate"]

1. d4 d5 2. c4 c6 3. Nf3 Nf6 4. Nc3 Nbd7 5. Bg5 e6 6. e3 Be7 7. cxd5 cxd5 8. Bd3 Nf8 9. Ne5 Ne4 10. Bxe7 Qxe7 11. Nxe4 dxe4 12. Bxe4 Qb4+ 13. Qd2 Qxd2+ 14. Kxd2 Ng6 15. f4 Nxe5 16. fxe5 Bd7 17. Rac1 Bc6 18. Rxc6 bxc6 19. Bxc6+ Ke7 20. Bxa8 Rxa8 21. Rc1 Rb8 22. Rc7+ Ke8 23. Kc2 g5 24. Rxa7 h5 25. a3 g4 26.
b4 f5 27. exf6 h4 28. Kd3 h3 29. gxh3 gxh3 30. Rh7 Ra8 31. Rh8+ Kf7 32. Rxa8 Kxf6 33. Ke4 Kg5 34. Rg8+ Kh4 35. Kf4 e5+ 36. dxe5 Kh5 37. Rg3 Kh4 38. Kf5 Kh5 39. Rxh3# 1-0

[Event "Live Chess"]
[Site "Chess.com"]
[Date "2023.05.20"]
[Round "-"]
[White "TobyQuaite"]
[Black "Conradical12"]
[Result "1-0"]
[WhiteElo "1703"]
[BlackElo "1515"]
[TimeControl "300"]
[EndTime "9:46:07 PDT"]
[Termination "TobyQuaite won by checkmate"]

1. e4 e5 2. Nf3 Nc6 3. d4 Nf6 4. d5 Nxe4 5. dxc6 Bc5 6. cxd7+ Bxd7 7. Be3 Bxe3 8. fxe3 O-O 9. Bd3 f5 10. O-O Qe7 11.
Nbd2 Bc6 12. Bxe4 fxe4 13. Ne1 Rad8 14. Qe2 Rxf1+ 15. Nxf1 a6 16. Rd1 Rf8 17. c4 b5 18. b3 bxc4 19. bxc4 Ba4 20. Rb1 Qa3 21. Ng3 Bc6 22. Rb3 Qc5 23. Nc2 a5 24. Na3 Ba4 25.
Rc3 Qb4 26. Qe1 Bc6 27. Nb5 Bxb5 28. cxb5 Rb8 29. Rc1 Qe7 30. Qxa5 Qd8 31. Qxc7 Qxc7 32. Rxc7 Rxb5 33. Nxe4 Rb2 34. Ng5 h6 35. Rc8# 1-0

[Event "Live Chess"]
[Site "Chess.com"]
[Date "2023.05.20"]
[Round "-"]
[White "LiamBellwood"]
[Black "KGreenGator"]
[Result "0-1"]
[WhiteElo "2097"]
[BlackElo "1781"]
[TimeControl "300"]
[EndTime "9:46:09 PDT"]
[Termination "KGreenGator won on time"]

1. d4 Nf6 2. Nc3 d5 3. Bf4 a6 4.
e3 e6 5. Qf3 Nc6 6. Nge2 Bd6 7.
g4 h6 8. h4 O-O 9. g5 Bxf4 10.
Nxf4 Ne4 11. Nxe4 dxe4 12. Qxe4 f5 13. Qf3 hxg5 14. hxg5 Qxg5 15. O-O-O Qg4 16. Qxg4 fxg4 17. Bc4 Rf6 18. Rdg1 b5 19. Bb3 Na5 20. Nd3 Nxb3+ 21. axb3 Bb7 22. Rh4 Bf3 23. Ne5 Kf8 24. Nd7+ Ke7 25.
Nxf6 Kxf6 26. e4 g5 27. Rh6+ Ke7 28. Kd2 Rf8 29. Ke3 Rf4 30. e5 Re4+ 31. Kd3 Re2 32. Rh7+ Kd8 33. Rg7 Rxf2 34. Rxg5 Kd7 35. R5xg4 Bxg4 36. Rxg4 Rf3+ 37. Ke2 Rh3 38. Rg7+ Kc6 39. Re7 Kd5 40.
c3 Rh2+ 41. Kd3 Rh3+ 42. Kd2 Rh2+ 43. Kd3 Rh3+ 44. Ke2 Rh2+ 45. Kf3 Rh3+ 46. Kg2 Rd3 47. Rxc7 Rd2+ 48. Kf3 Rd3+ 49. Ke2 Rh3 50. Rc5+ Ke4 51. Rc6 Rh2+ 52. Kf1 Kf3 53. Ke1 Ke3 54. Kd1 Kd3 55. Ke1 Ke3 56. Kf1 Kf3 57. Kg1 Rxb2 58. Rxe6 Rxb3 59. Rf6+ Kg3 60. Rg6+ Kh3 61. e6 Rxc3 62. e7 Re3 63. Rg7 b4 64. Rh7+ Kg4 65. d5 b3 66.
Rg7+ Kf5 67. Rf7+ Kg6 68. Rf2 Rxe7 69. Rb2 Rd7 70. Rxb3 Rxd5 71. Rb6+ Kf5 72. Rxa6 Ke4 73. Ra4+ Ke3 74. Ra3+ Kd2 75. Ra4 Kc3 76. Kg2 Kb3 77. Ra7 Rd2+ 78. Kf3 Kc3 79. Ke4 Rb2 80. Ke5 Kd2 0-1

[Event "Live Chess"]
[Site "Chess.com"]
[Date "2023.05.20"]
[Round "-"]
[White "Crowded_House"]
[Black "aliciabutteriss"]
[Result "1-0"]
[WhiteElo "1692"]
[BlackElo "511"]
[TimeControl "300"]
[EndTime "9:46:10 PDT"]
[Termination "Crowded_House won by resignation"]

1. d4 d5 2. Bg5 f6 3. Bh4 Nc6 4. e3 Bf5 5. c3 e5 6. dxe5 Nxe5 7.
Nf3 Nxf3+ 8. Qxf3 Qd7 9. Nd2 O-O-O 10. Be2 Bc5 11. Nb3 Qb5 12. Bxb5 1-0

[Event "Live Chess"]
[Site "Chess.com"]
[Date "2023.05.20"]
[Round "-"]
[White "noobsmoker24"]
[Black "Davidagye"]
[Result "0-1"]
[WhiteElo "1373"]
[BlackElo "1647"]
[TimeControl "300"]
[EndTime "9:46:12 PDT"]
[Termination "Davidagye won on time"]

1. e4 e5 2. Nf3 Nc6 3. Bc4 Nf6 4. d3 Bc5 5. c3 O-O 6. Nbd2 h6 7. Bb3 d5 8. exd5 Nxd5 9. O-O Nf4 10. Ne4 Bb6 11. Bc2 Bg4 12. h3 Bh5 13. Ng3 Bg6 14. d4 Nh5 15. Bxg6 fxg6 16. Nxh5 gxh5 17. Be3 e4 18. Ne5 Nxe5 19. dxe5 Qh4 20. Bxb6 axb6 21. Qd5+ Kh8 22.
Qxb7 Qe7 23. Qxe4 Rae8 24. Rfe1 g5 25. Qg6 Qg7 26. Qxg7+ Kxg7 27. Rad1 Re7 28. b4 Ra8 29. Rd2 Ra3 30. Re3 Kg6 31. Kf1 Kf5 32. Rde2 c5 33. bxc5 bxc5 34. e6 Ra6 35. Re5+ Kf6 36. Rxc5 Rexe6 37. Rxe6+ Kxe6 38. g3 Kd6 39. Rf5 Ke6 40. Rb5 Kf7 41. Rb2 Ra3 42. Rc2 Ke6 43. c4 Kd6 44. Ke2 Kc5 45. Kf1 g4 46. hxg4 hxg4 47. Ke2 h5 48. Kd2 Rf3 49. Ke2 Ra3 50. Rb2 Kxc4 51.
Rc2+ Kd5 52. Rd2+ Ke5 53. Rb2 Ra5 54. Kd3 Kf5 55. Kc4 Kg5 56. Kb4 Ra8 57. a4 h4 58.
gxh4+ Kxh4 59. Kc3 Kh3 60. Ra2 Kg2 61. a5 Kf3 62.
Kc4 Ra6 63. Kb5 Ra8 64. Kb6 Rh8 65. a6 Rh6+ 66. Kb7 Rh7+ 67. Kc6 Rh6+ 68. Kd5 Rh5+ 69.
Ke6 Rh7 70. Kf5 Ra7 71. Ke6 Rh7 72. Kd5 Rh5+ 73. Kc6 Rh6+ 74. Kb7 Rh7+ 75. Kb6 Rh6+ 76. Ka5 Rg6 77. Kb4 Rg5 78. Kc3 Rg6 79. Kc2 Rxa6 80.
Kc3 Rxa2 81. Kd4 Rb2 82. Ke5 Rxf2 83. Kf5 g3 84. Ke5 g2 85. Kf5 g1=Q 86. Ke5 Qg4 87.
Kd6 Qe4 88. Kc7 Rd2 89. Kb8 Qc2 0-1

[Event "Live Chess"]
[Site "Chess.com"]
[Date "2023.05.20"]
[Round "-"]
[White "ZackirtyChess"]
[Black "Bob2pen"]
[Result "0-1"]
[WhiteElo "1150"]
[BlackElo "1830"]
[TimeControl "300"]
[EndTime "9:46:16 PDT"]
[Termination "Bob2pen won by checkmate"]

1. d4 Nf6 2. c4 c5 3. Nc3 g6 4. Bg5 Bg7 5. dxc5 Na6 6. e4 Nxc5 7.
e5 Nfe4 8. Nxe4 Nxe4 9. Qg4 Qa5+ 10. Kd1 Qxe5 11. f4 Qd4+ 12. Ke1 Qd2# 0-1

[Event "Live Chess"]
[Site "Chess.com"]
[Date "2023.05.20"]
[Round "-"]
[White "NAZRIZ1977"]
[Black "Jeffaroow"]
[Result "1-0"]
[WhiteElo "2115"]
[BlackElo "451"]
[TimeControl "300"]
[EndTime "9:46:17 PDT"]
[Termination "NAZRIZ1977 won by resignation"]

1. c4 e5 2. g3 d5 3. cxd5 Qxd5 4. Nf3 e4 5. Nc3 Qc6 6. e3 exf3 7. Bb5 Bd7 8. Bxc6 Bxc6 9. d4 Nd7 10. Bd2 O-O-O 11. Qb3 Nb6 12. Qxf7 Nh6 13. Qb3 Bd5 14. Qc2 Nc4 15. Nxd5 Rxd5 16. Qxc4 c6 17. Rc1 Nf7 18. Qxd5 1-0

[Event "Live Chess"]
[Site "Chess.com"]
[Date "2023.05.20"]
[Round "-"]
[White "martinsmartin63"]
[Black "Tema1107"]
[Result "0-1"]
[WhiteElo "760"]
[BlackElo "1964"]
[TimeControl "300"]
[EndTime "9:46:22 PDT"]
[Termination "Tema1107 won by resignation"]

1. d4 Nf6 2. Nf3 d5 3. Nc3 Bf5 4. e3 c6 5. Be2 Nbd7 6. Bd2 g6 7. Ng5 h6 8. Nh3 Bxh3 9. gxh3 Bg7 10. Bg4 e5 11. dxe5 Nxe5 12. Be2 O-O 13. e4 d4 14. Nb1 Nxe4 15. Bf4 Qh4 16. Bg3 Nxg3 17. fxg3 Qe4 18.
Rf1 Rad8 19. Rf4 Qh1+ 20. Rf1 Qxh2 21. Rf2 Qxg3 22. Kf1 Rfe8 23. Rg2 Qxh3 24. Bg4 Nxg4 25. Qxg4 Qe3 26. Re2 Qc1+ 27. Re1 Qxe1+ 0-1

[Event "Live Chess"]
[Site "Chess.com"]
[Date "2023.05.20"]
[Round "-"]
[White "Albul"]
[Black "JoshMcK"]
[Result "0-1"]
[WhiteElo "2178"]
[BlackElo "1555"]
[TimeControl "300"]
[EndTime "9:46:27 PDT"]
[Termination "JoshMcK won on time"]

1. e4 c6 2. d4 d5 3. e5 c5 4. c3 Nc6 5. Be3 Bf5 6. Bd3 Bxd3 7. Qxd3 cxd4 8. cxd4 e6 9. Ne2 Nb4 10. Qd2 Rc8 11. Nbc3 Nc6 12. O-O Nge7 13. g4 g6 14.
Bg5 h6 15. Bf6 Rg8 16. f4 Qb6 17. Kg2 Bg7 18. Bxg7 Rxg7 19. Rac1 a6 20. Na4 Qd8 21.
Nc5 Qb6 22. h3 h5 23. Rf2 Rc7 24. a3 hxg4 25. hxg4 Rh7 26. Kg3 Nc8 27. b4 Qb5 28. Qd3 Qxd3+ 29. Nxd3 Nb6 30. Nb2 Kd7 31. Rh2 Rxh2 32.
Kxh2 Rc8 33. Kg3 Nxd4 34. Rxc8 Nxe2+ 35. Kf2 Kxc8 36. Kxe2 Nc4 37. Nxc4 dxc4 38. Kd2 b5 39. Kc3 Kc7 40. a4 Kb6 41. a5+ Kc6 42. Kd4 Kc7 0-1